 Dungeon Crawl Stone Soup version 0.20-a0-618-gbb8d3ca (webtiles) character file.

22073 M4edhros the Unseen (level 12, -4/80 HPs)
             Began as an Octopode Artificer on Feb 9, 2017.
             Was an Initiate of Gozag.
             Slain by a komodo dragon (29 damage)
             ... on level 1 of the Lair of Beasts.
             The game lasted 00:31:35 (15840 turns).

M4edhros the Unseen (Octopode Artificer)           Turns: 15840, Time: 00:31:35

Health: -4/80      AC:  4    Str: 13    XL:     12   Next: 96%
Magic:  23/23      EV: 15    Int: 13    God:    Gozag
Gold:   1988       SH: 19    Dex: 18    Spells: 11/11 levels left

rFire    + . .     SeeInvis .   B - +8 lance "Wyrmbane" {slay drac, rPois rF+ rC+ AC+3}
rCold    + . .     Gourm    .   C - +3 large shield
rNeg     . . .     Faith    .   (helmet restricted)
rPois    +         Spirit   .   (no amulet)
rElec    .         Reflect  .   J - +2 ring of dexterity
rCorr    .         Harm     .   n - ring of magical power
MR       .....                  (no ring)
Stlth    ++++++++..             (no ring)
Regen    0.3/turn               (no ring)
                                (no ring)
                                (no ring)
                                (no ring)

@: no status effects
A: almost no armour, stealthy swim, amphibious, 8 rings, constrict 8, antennae
1, camouflage 1, gelatinous body 1, MP-powered wands
a: Potion Petition, Call Merchant, Bribe Branch, Renounce Religion


You were on level 1 of the Lair of Beasts.
You worshipped Gozag.
Gozag was most pleased with you.
You were hungry.

You visited 3 branches of the dungeon, and saw 15 of its levels.

You collected 3379 gold pieces.
You spent 808 gold pieces at shops.
You paid 583 gold pieces to Gozag.

Inventory:

Hand Weapons
 a - a +0 short sword
 i - a +3 long sword of freezing
 s - a +3 dagger of chaos
 z - a +3 hunting sling
 B - the +8 lance "Wyrmbane" (weapon) {slay drac, rPois rF+ rC+ AC+3}
   (You bought it in a shop on level 4 of the Dungeon)

   It affects your AC (+3).
   It protects you from fire.
   It protects you from cold.
   It protects you from poison.
 E - a +0 dagger of holy wrath
 K - the +2 hunting sling of Infinity {freeze, rF++ MR- Int+2 Dex+9}
   (You found it on level 9 of the Dungeon)

   It causes projectiles fired from it to freeze those they strike, causing
   extra injury to most foes and up to half again as much damage against
   particularly susceptible opponents.
   They can also slow down cold-blooded creatures.
   It affects your intelligence (+2).
   It affects your dexterity (+9).
   It greatly protects you from fire.
   It affects your resistance to hostile enchantments.
Missiles
 h - 279 stones (quivered)
 u - 5 curare-tipped needles
Armour
 C - a +3 large shield (worn)
Jewellery
 n - a ring of magical power (right tentacle)
 J - a +2 ring of dexterity (left tentacle)
Wands
 b - a wand of flame (9/48)
 c - a wand of enslavement (0/24)
 d - a wand of digging (10/24)
 q - a wand of polymorph (9/24)
 t - a wand of enslavement (0/24)
 A - a wand of iceblast (0/15)
 F - a wand of iceblast (0/15)
 N - a wand of iceblast (5/15)
Scrolls
 e - a scroll of vulnerability
 j - 2 scrolls of blinking
 m - 8 scrolls of teleportation
 r - 5 scrolls of remove curse
 w - 2 scrolls of identify
 y - 2 scrolls of immolation
 L - a scroll of fear
 O - a scroll of recharging
 R - a scroll of fog
Potions
 p - a potion of magic
 v - 2 potions of degeneration
 x - a potion of flight
 H - a potion of berserk rage {unknown}
 Q - 2 potions of curing
 S - 2 potions of cancellation
Books
 f - a book of Callings

   Spells                             Type                      Level
   a - Summon Small Mammal            Summoning                    1
   b - Call Imp                       Summoning                    2
   c - Call Canine Familiar           Summoning                    3
   d - Summon Guardian Golem          Hexes/Summoning              3
   e - Summon Lightning Spire         Summoning/Air                4
   f - Summon Ice Beast               Ice/Summoning                4
 k - a book of Clouds

   Spells                             Type                      Level
   a - Poisonous Vapours              Poison/Air                   2
   b - Mephitic Cloud                 Conjuration/Poison/Air       3
   c - Conjure Flame                  Conjuration/Fire             3
   d - Freezing Cloud                 Conjuration/Ice/Air          6
   e - Ring of Flames                 Charms/Fire                  7
 G - a book of Maledictions

   Spells                             Type                      Level
   a - Corona                         Hexes                        1
   b - Ensorcelled Hibernation        Hexes/Ice                    2
   c - Confuse                        Hexes                        3
   d - Tukima's Dance                 Hexes                        3
   e - Dazzling Spray                 Conjuration/Hexes            3
 I - a book of Changes

   Spells                             Type                      Level
   a - Beastly Appendage              Transmutation                1
   b - Sticks to Snakes               Transmutation                2
   c - Spider Form                    Transmutation/Poison         3
   d - Ice Form                       Ice/Transmutation            4
   e - Blade Hands                    Transmutation                5
Miscellaneous
 D - a phial of floods (inert)
Comestibles
 g - 4 royal jellies
 l - 5 meat rations
 o - 13 fruits
 M - 3 bread rations


   Skills:
 + Level 6.4 Fighting
 - Level 1.0 Short Blades
 * Level 8.5 Polearms
 + Level 6.2 Slings
 + Level 7.1 Dodging
 - Level 17.1 Stealth
 * Level 9.5 Shields
 - Level 3.2 Evocations


You had 11 spell levels left.
You didn't know any spells.

Dungeon Overview and Level Annotations

Branches:
Dungeon (13/15)            Temple (1/1) D:5            Lair (1/6) D:11
    Orc (0/2) D:12         Vaults (0/5) D:13

Altars:
Ashenzari
Cheibriados
Dithmenos
Elyvilon
Fedhas
Gozag
Hepliaklqana
Kikubaaqudgha
Makhleb
Nemelex Xobeh
Okawaru
Qazlal
Ru
Sif Muna
Trog
Uskayaw
Vehumet
Xom
Yredelemnul
Zin
The Shining One
Beogh

Shops:
D:4 (   D:6 *   D:7 %

Annotations:
D:13 exclusion: obsidian statue


Innate Abilities, Weirdness & Mutations

You cannot wear most types of armour.
You are very stealthy in the water. (Stealth+)
You are amphibious.
You can wear up to eight rings at the same time.
You can use your tentacles to constrict eight enemies at once.
Your skin changes colour to match your surroundings (Stealth+).
Your rubbery body absorbs attacks. (AC +1, EV +1)
You have a pair of small antennae on your head.
You expend magic power (3 MP) to strengthen your wands.


Message History

Your squeeze misses the komodo dragon.
The komodo dragon is lightly wounded.
The komodo dragon bites you!
You are too injured to fight recklessly!
You puncture the komodo dragon!
You squeeze the komodo dragon, but do no damage.
The komodo dragon is moderately wounded.
You block the komodo dragon's attack.
Evoke which item? (* to show all) (? for menu, Esc to quit)
Okay, then.
You puncture the komodo dragon!
The komodo dragon is heavily wounded.
The komodo dragon closely misses you.
You hit the komodo dragon.
The komodo dragon is heavily wounded.
The komodo dragon bites you!!
* * * LOW HITPOINT WARNING * * *
You feel much better. The komodo dragon bites you!!
You die...
Your body crumbles into a pile of gold.

... #.............. ..#
#.............. #..
#............ #.# #........#.#
#.# #..........# #.####
#........#
#.#####.##.#######......>.##.>
.....$.........l............#
######.#.#######@........##.#
#.### #.........## # #.#
##........# #.# #.........#
#.# #P.........# #.#
######........##
###.####..##P..........
........................
####.#.#P.##.#####.#P##P


You could see a komodo dragon.

Vanquished Creatures
  Erolcha (D:11)
  A hydra (D:11)
  3 centaur warriors (D:13)
  The ghost of Lahna the Slicer, a journeyman KoBe of Trog (D:9)
  4 two-headed ogres
  Psyche (D:8)
  A wizard (D:13)
  A wolf (D:8)
  A manticore (D:13)
  2 centaur zombies
  A gargoyle (D:11)
  An efreet (D:13)
  3 trolls
  11 orc warriors
  3 blink frogs (Lair:1)
  5 hippogriffs
  A meliai zombie (D:12)
  6 yaks (D:12)
  A wyvern (D:12)
  A basilisk (Lair:1)
  2 hungry ghosts
  3 vampire mosquitoes
  2 water moccasins
  A porcupine (Lair:1)
  3 black bears
  4 ice beasts
  A phantom (D:13)
  3 sky beasts
  6 ogres
  2 eyes of draining
  A necrophage (D:8)
  A crocodile (Lair:1)
  6 centaurs
  8 bullfrogs
  6 big kobolds
  A gnoll sergeant (D:12)
  2 wyvern skeletons
  A scorpion (D:5)
  5 jellies
  3 wights (D:8)
  5 howler monkeys
  4 crimson imps
  3 bullfrog zombies
  6 orc priests
  3 centaur skeletons
  3 hounds
  Jessica (D:3)
  2 bullfrog skeletons
  5 iguanas
  Terence (D:2)
  10 orc wizards
  11 worker ants
  A killer bee zombie (D:8)
  2 hound zombies
  3 worker ant zombies
  11 adders
  5 gnolls
  A howler monkey skeleton (D:9)
  2 shadow imps
  7 oozes
  3 adder skeletons
  An adder zombie (D:8)
  2 dart slugs
  3 leopard geckos
  42 orcs
  6 bats
  5 giant cockroaches
  9 goblins
  5 hobgoblins
  17 jackals
  4 quokkas
  3 frilled lizards
  A jackal skeleton (D:5)
  17 kobolds
  A leopard gecko zombie (D:6)
  8 rats
323 creatures vanquished.

Vanquished Creatures (collateral kills)
  A necromancer (D:13)
  An ice statue (D:13)
  Maurice (D:8)
  A vampire mosquito (D:13)
  An ogre (D:6)
  Grum (D:8)
  An ice beast (D:8)
  A phantom (D:5)
  A tengu (D:8)
  A big kobold (D:6)
  A bullfrog (D:8)
  A wight (D:8)
  A howler monkey (D:7)
  A crimson imp (D:5)
  An orc priest (D:5)
  An adder zombie (D:6)
  5 orcs
  5 jackals
  4 kobolds (D:6)
30 creatures vanquished.

Vanquished Creatures (others)
  An unseen horror (D:13)
  An ice beast (D:8)
  2 sky beasts (D:8)
  A wolf (D:8)
  A centaur (D:6)
  2 orc wizards
  A worker ant (D:8)
9 creatures vanquished.

Grand Total: 362 creatures vanquished

Notes
Turn   | Place    | Note
-------+----------+-------------------------------------------
     0 | D:1      | M4edhros the Octopode Artificer began the quest for the Orb.
     0 | D:1      | Reached XP level 1. HP: 13/13 MP: 3/3
    17 | D:1      | Reached skill level 2 in Stealth
   218 | D:1      | Reached XP level 2. HP: 9/18 MP: 4/4
   284 | D:2      | Reached skill level 3 in Stealth
   591 | D:4      | Reached skill level 4 in Stealth
   591 | D:4      | Reached XP level 3. HP: 21/23 MP: 5/5
   696 | D:4      | Noticed an ogre
   703 | D:4      | Killed an ogre
   703 | D:4      | Reached skill level 6 in Stealth
   703 | D:4      | Reached XP level 4. HP: 5/28 MP: 6/6
  1029 | D:4      | Found Ockaxywk's Weapon Emporium.
  1181 | D:4      | Reached skill level 7 in Stealth
  1181 | D:4      | Reached XP level 5. HP: 13/33 MP: 7/7
  1622 | D:4      | Noticed an ogre
  1627 | D:4      | Killed an ogre
  1627 | D:4      | Reached skill level 8 in Stealth
  1627 | D:4      | Reached XP level 6. HP: 38/38 MP: 8/8
  1830 | D:4      | Found a roughly hewn altar of Beogh.
  1839 | D:4      | Reached skill level 9 in Stealth
  1897 | D:5      | Entered Level 5 of the Dungeon
  2005 | D:5      | Reached skill level 10 in Stealth
  2005 | D:5      | Reached XP level 7. HP: 43/43 MP: 9/9
  2029 | D:5      | Found a staircase to the Ecumenical Temple.
  2035 | Temple   | Entered the Ecumenical Temple
  2203 | Temple   | Became a worshipper of Gozag Ym Sagoz the Greedy
  2531 | D:3      | Noticed Jessica
  2533 | D:3      | Killed Jessica
  3040 | D:2      | Noticed Terence
  3042 | D:2      | Killed Terence
  4111 | D:3      | Reached skill level 11 in Stealth
  4946 | D:5      | Reached skill level 12 in Stealth
  4962 | D:5      | Reached XP level 8. HP: 23/48 MP: 10/10
  5773 | D:6      | Reached skill level 13 in Stealth
  5802 | D:6      | Killed an orc warrior
  5927 | D:6      | Reached skill level 14 in Stealth
  6596 | D:6      | Reached XP level 9. HP: 53/53 MP: 11/11
  6951 | D:6      | Reached skill level 15 in Stealth
  7051 | D:7      | Found a glowing silver altar of Zin.
  7574 | D:6      | Reached skill level 16 in Stealth
  8201 | D:8      | Noticed Grum
  8203 | D:8      | Noticed Maurice
  8206 | D:8      | Killed Grum
  8229 | D:8      | Killed Maurice
  8285 | D:8      | Gained mutation: You expend magic power (3 MP) to strengthen your wands. [potion of mutation]
  8285 | D:8      | Gained mutation: You have a pair of small antennae on your head. [potion of mutation]
  8292 | D:8      | HP: 1/53 [wolf[Grum] (6)]
  8991 | D:8      | Noticed Psyche
  9023 | D:8      | Reached skill level 17 in Stealth
  9282 | D:8      | Reached skill level 1 in Shields
  9324 | D:7      | Found Tadiate's Food Emporium.
  9833 | D:7      | Reached XP level 10. HP: 56/60 MP: 2/12
  9943 | D:8      | Killed Psyche
  9943 | D:8      | Reached skill level 1 in Slings
 10107 | D:8      | Killed a wolf
 10241 | D:4      | Bought the +8 lance "Wyrmbane" {slay drac, rPois rF+ rC+ AC+3} for 808 gold pieces
 10529 | D:8      | Reached skill level 1 in Polearms
 10720 | D:9      | Got a twisted hunting sling
 10721 | D:9      | Identified the +2 hunting sling of Infinity {freeze, rF++ MR- Int+2 Dex+9} (You found it on level 9 of the Dungeon)
 11439 | D:9      | Noticed Lahna's ghost (journeyman KoBe)
 11764 | D:9      | Reached skill level 5 in Shields
 11781 | D:9      | Killed Lahna's ghost
 11898 | D:10     | Entered Level 10 of the Dungeon
 11910 | D:10     | Found a stormy altar of Qazlal.
 11996 | D:10     | Reached XP level 11. HP: 50/68 MP: 13/13
 12599 | D:11     | Noticed a two-headed ogre
 12609 | D:11     | Killed a two-headed ogre
 12625 | D:11     | Reached skill level 5 in Dodging
 12627 | D:11     | Noticed a seven-headed hydra
 12715 | D:11     | Noticed Erolcha
 12722 | D:11     | Killed Erolcha
 12777 | D:11     | Reached skill level 5 in Polearms
 12798 | D:11     | Killed a seven-headed hydra
 12957 | D:11     | Found a staircase to the Lair.
 13028 | D:11     | Reached skill level 5 in Fighting
 13221 | D:12     | Noticed a two-headed ogre
 13229 | D:12     | Killed a two-headed ogre
 13229 | D:12     | Reached skill level 5 in Slings
 13445 | D:12     | Found a staircase to the Orcish Mines.
 13474 | D:12     | Reached XP level 12. HP: 65/77 MP: 14/14
 14257 | D:13     | Noticed a two-headed ogre
 14267 | D:13     | Killed a two-headed ogre
 14284 | D:13     | Noticed a two-headed ogre
 14339 | D:12     | Noticed a four-headed hydra
 14457 | D:13     | Killed a two-headed ogre
 14463 | D:13     | Noticed a centaur warrior
 14488 | D:13     | Killed a centaur warrior
 14746 | D:13     | Paralysed by a wizard for 3 turns
 14870 | D:13     | Found a gate to the Vaults.
 15013 | D:13     | Noticed a centaur warrior
 15055 | D:13     | Killed a centaur warrior
 15159 | D:13     | Noticed a centaur warrior
 15211 | D:13     | Killed a centaur warrior
 15332 | Lair:1   | Entered Level 1 of the Lair of Beasts
 15839 | Lair:1   | HP: 4/80 [komodo dragon (32)]
 15840 | Lair:1   | Slain by a komodo dragon

Vault maps used:
D:1:      ncdulo_watergridlock, st_stairs_12
D:2:      uniq_terence
D:3:      amethyst_killhole, uniq_jessica
D:4:      first_bread, serial_shops, shop, kennysheep_orc_chapel
D:5:      minmay_temple_entry_enclosed_plants
D:7:      serial_shops, shop, basic_altar, tgw_sif
D:8:      serial_glass, glass_columns_b, glass_columns_b, item_on_display_b,
          item_on_display_a, item_on_display_a, uniq_psyche, uniq_maurice,
          uniq_grum, uniq_joseph
D:9:      hangedman_little_slice_of_home
D:10:     lemuel_tele_altar
D:11:     lair_entry_dummy, uniq_erolcha
D:12:     kennysheep_orc_monster_closet_entryway
D:13:     minmay_separated_statues, david_vaults_1
Temple:   regret_index_temple_sigil_plot
Lair:1:   st_stairs_7

Skill      XL: |  1  2  3  4  5  6  7  8  9 10 11 12 |
---------------+-------------------------------------+-----
Stealth        | 2 4 6 7 8 10 12 14 17 | 17.1
Shields        | 2 5 7 9 |  9.5
Fighting       | 2 3 5 6 |  6.4
Slings         | 3 5 6 |  6.2
Dodging        | 4 5 7 |  7.1
Polearms       | 3 6 8 |  8.5
Short Blades   | |  1.0
Evocations     | |  3.2

Action                   |  1- 3 |  4- 6 |  7- 9 | 10-12 || total
-------------------------+-------+-------+-------+-------++-------
Melee: Short sword       |    28 |    47 |   324 |       ||   399
       Constrict         |     6 |     9 |    65 |    66 ||   146
       Tentacles         |     3 |     7 |    76 |   101 ||   187
       Lance             |       |       |       |   538 ||   538
       Dagger            |       |       |       |    17 ||    17
       Long sword        |       |       |       |     1 ||     1
       Unarmed           |       |       |       |     2 ||     2
 Fire: Hunting sling     |       |       |       |    77 ||    77
Invok: Call Merchant     |       |       |     1 |       ||     1
       Potion Petition   |       |       |       |     1 ||     1
Evoke: Wand              |     3 |    10 |    55 |    44 ||   112
       Phial of floods   |       |       |       |     1 ||     1
  Use: Scroll            |       |     4 |     7 |    16 ||    27
       Potion            |       |       |    12 |     6 ||    18
 Stab: Sleeping          |     5 |     8 |    26 |    34 ||    73
       Distracted        |       |       |     5 |     9 ||    14
       Paralysed         |       |       |     1 |       ||     1
       Invisible         |       |       |       |     5 ||     5
  Eat: Chunk             |       |     3 |     1 |       ||     4
       Bread ration      |       |       |     5 |       ||     5
       Royal jelly       |       |       |     1 |    10 ||    11
Armor: Skin              |       |     1 |    15 |    38 ||    54
Dodge: Dodged            |    18 |    30 |   102 |   146 ||   296
Block: Large shield      |       |       |   141 |   360 ||   501
